 Dungeon Crawl Stone Soup version 0.18.1-50-g88ac8fd (webtiles) character file.

217 Korbac the Sneak (level 6, -2/48 HPs)
             Began as a Human Wanderer on Oct 18, 2016.
             Slain by a river rat (4 damage)
             ... in a sewer.
             The game lasted 00:15:04 (2157 turns).

Korbac the Sneak (Human Wanderer)                   Turns: 2157, Time: 00:15:04

Health: -2/48      AC:  5    Str: 12 (14) XL:     6   Next: 16%
Magic:  6/6        EV: 11    Int: 14 (16) God:
Gold:   100        SH:  0    Dex: 11 (14) Spells: 0 memorised, 5 levels left

rFire  . . .     SeeInvis .     c - +1 hand crossbow
rCold  . . .     Gourm    .     h - +0 ring mail
rNeg   . . .     Faith    .     (no shield)
rPois  .         Spirit   .     (no helmet)
rElec  .         Dismiss  .     (no cloak)
rCorr  .         Reflect  .     (no gloves)
SustAt .         Harm     .     (no boots)
MR     .....                    (no amulet)
Stlth  ++........               (no ring)
                                (no ring)

@: brilliant, not resistant to hostile enchantments, unstealthy
A: no striking features
a: no special abilities


You were in a sewer.
You were not hungry.

You visited 1 branch of the dungeon, and saw 3 of its levels.
You also visited: Sewer.

You collected 100 gold pieces.

Inventory:

Hand Weapons
 a - a +2 dagger
 c - a +1 hand crossbow (weapon)
Missiles
 d - 37 bolts (quivered)
 n - 6 curare-tipped needles
Armour
 e - a +0 ring mail
 h - a +0 ring mail (worn)
 k - a +0 chain mail
 u - a +0 helmet
Jewellery
 r - an uncursed amulet of regeneration {unknown}
Scrolls
 i - a scroll of immolation
 m - a scroll of amnesia {unknown}
 q - a scroll of identify {unknown}
 t - a scroll of enchant armour {unknown}
 v - 2 scrolls of magic mapping
 x - a scroll of recharging {unknown}
Potions
 j - a potion of brilliance
Comestibles
 f - 3 bread rations
 o - 2 meat rations
 p - 2 beef jerkies


   Skills:
 * Level 3.9 Fighting
 * Level 2.1 Short Blades
   Level 1.0 Bows
 * Level 2.2 Crossbows
 + Level 2.2 Armour
 * Level 2.2 Dodging
 + Level 4.1 Stealth


You had 5 spell levels left.
You didn't know any spells.

Dungeon Overview and Level Annotations

Branches:
Dungeon (3/15)

Altars:
Nemelex Xobeh


Message History

Press: ? - help, Shift-Dir - straight line, f/p - river rat
Aim: a river rat (heavily wounded)
You shoot a bolt.
The bolt hits the river rat but does no damage.
The river rat is heavily wounded.
The river rat bites you.
* * * LOW HITPOINT WARNING * * *
The rat bites you but does no damage. 2 rats come into view.
Drink which item? (? for menu, Esc to quit)
It was a potion of degeneration.
There was something very wrong with that liquid.
You feel weakened.
You feel dopey.
You feel clumsy. The river rat barely misses you. The rat barely misses you.
Unknown command.
Read which item? (? for menu, Esc to quit)
As you read the scroll labeled HIQALENETA, it crumbles to dust.
The scroll dissolves into smoke.
It was a scroll of fog.
The river rat bites you.
You die...

#..##.... #..'.....
####....#
#####################.....#
##(.≈≈≈(≈≈≈≈≈≈≈≈≈≈≈≈.......#
...≈≈≈≈≈≈.≈≈≈≈≈≈≈≈≈≈......##
..(≈≈≈≈≈≈((.§≈≈≈≈≈≈≈≈.....#
...(≈r≈≈(§r§§≈≈≈≈≈≈≈.....##
...(≈r≈≈≈§r@§≈≈≈≈≈≈≈≈...##
...≈≈≈≈≈≈§§§§≈≈≈≈≈≈≈..###
..##################### .


You could see a river rat and a rat.

Vanquished Creatures
  A gnoll (D:1)
  7 adders
  4 river rats (Sewer)
  4 worms (D:2)
  2 dart slugs
  3 giant geckos
  An orc (D:3)
  8 bats
  5 giant cockroaches
  7 goblins
  5 hobgoblins
  9 jackals
  5 ball pythons
  6 giant newts
  7 kobolds
  26 rats
100 creatures vanquished.

Notes
Turn   | Place    | Note
--------------------------------------------------------------
     0 | D:1      | Korbac the Human Wanderer began the quest for the Orb.
     0 | D:1      | Korbac set off with: a +2 dagger, a potion of heal wounds, a +0 hand crossbow, 21 bolts, a +0 ring mail, a bread ration
     0 | D:1      | Reached XP level 1. HP: 18/18 MP: 1/1
    71 | D:1      | Reached XP level 2. HP: 6/24 MP: 2/2
   377 | D:1      | Reached XP level 3. HP: 27/29 MP: 3/3
   780 | D:1      | Reached skill level 1 in Dodging
   906 | D:1      | Reached XP level 4. HP: 34/35 MP: 4/4
   926 | D:1      | Reached skill level 1 in Crossbows
  1017 | D:2      | Reached skill level 4 in Stealth
  1192 | D:2      | Found a sparkling altar of Nemelex Xobeh.
  1204 | D:2      | Reached XP level 5. HP: 35/41 MP: 5/5
  1898 | D:3      | Found a glowing drain.
  1908 | Sewer    | Entered a sewer
  2127 | Sewer    | Reached XP level 6. HP: 36/48 MP: 6/6
  2155 | Sewer    | HP: 1/48 [river rat (2)]
  2157 | Sewer    | Slain by a river rat

Skill      XL: |  1  2  3  4  5 |
---------------+----------------+-----
Dodging        | 1 2 |  2.2
Crossbows      | 1 2 |  2.2
Stealth        | 4 |  4.1
Short Blades   | 2 |  2.1
Fighting       | |  3.9
Bows           | |  1.0
Armour         | |  2.2

Action                   |  1- 3 |  4- 6 || total
-------------------------+-------+-------++-------
Melee: Dagger            |    83 |   178 ||   261
 Fire: Hand crossbow     |    22 |    93 ||   115
  Use: Scroll            |     5 |     3 ||     8
       Potion            |       |     8 ||     8
 Stab: Sleeping          |     2 |     3 ||     5
  Eat: Bread ration      |       |     1 ||     1
Armor: Ring mail         |    68 |    82 ||   150
Dodge: Dodged            |   106 |   155 ||   261
